 Dungeon Crawl Stone Soup version 0.27-a0-29-g2d0a2396b0 (webtiles) character file.

Game seed: 11156000764515673417

42 hehateme the Sneak (level 3, -1/20 HPs)
             Began as a Kobold Enchanter on Jan 4, 2021.
             Slain by a gnoll
             ... wielding a +0 spear
              (6 damage)
             ... on level 2 of the Dungeon.
             The game lasted 00:02:23 (1629 turns).

hehateme the Sneak (Kobold Enchanter)               Turns: 1629, Time: 00:02:24

Health: -1/20      AC:  3    Str:  6    XL:     3   Next: 80%
Magic:  4/6        EV: 15    Int: 16    God:
Gold:   139        SH:  0    Dex: 15    Spells: 3/6 levels left

rFire    . . .     SeeInvis .   a - +1 dagger
rCold    . . .     Faith    .   (shield restricted)
rNeg     . . .     Spirit   .   b - +0 robe
rPois    .         Reflect  .   (no helmet)
rElec    .         Harm     .   f - +0 cloak
rCorr    .         Rampage  .   (no gloves)
Will     .....                  (no boots)
Stlth    ++++......             (no amulet)
HPRegen  0.06/turn              (no ring)
MPRegen  0.10/turn              (no ring)

@: no status effects
A: small, nightstalker 3
a: no special abilities


You were on level 2 of the Dungeon.
You visited 1 branch of the dungeon, and saw 2 of its levels.

You collected 139 gold pieces.

Inventory:

Hand Weapons
 a - a +1 dagger (weapon)
Missiles
 j - 68 stones (quivered)
 o - 22 sling bullets
 Q - 7 bolts
Armour
 b - a +0 robe (worn)
 f - a +0 cloak (worn)
Jewellery
 k - a cursed ring of attention {unknown}
Scrolls
 c - 2 scrolls of teleportation {unknown}
 d - a scroll of remove curse {unknown}
 e - 3 scrolls of identify {unknown}
 g - a scroll of fear {unknown}
Potions
 h - a potion of haste {unknown}
 i - a potion of mutation {unknown}
 l - 2 potions of berserk rage {unknown}
 m - a potion of attraction {unknown}
 n - a potion of lignification {unknown}


   Skills:
 + Level 1.2 Fighting
 - Level 1.3 Short Blades
 - Level 2.4 Dodging
 - Level 4.0 Stealth
 - Level 2.1 Spellcasting
 * Level 3.6 Hexes
 * Level 1.7 Ice Magic


You had 3 spell levels left.
You knew the following spells:

 Your Spells              Type           Power        Failure   Level
a - Ensorcelled Hibernat  Hex/Ice        20%          10%         2
v - Corona                Hex            14%          4%          1

Your spell library contained the following spells:

 Spells                   Type           Power        Failure   Level
 Confusing Touch          Hex            13%          14%         3
 Tukima's Dance           Hex            13%          14%         3
 Dazzling Flash           Conj/Hex       14%          28%         3


Dungeon Overview and Level Annotations

Branches:
Dungeon (2/15)

Altars:


Innate Abilities, Weirdness & Mutations

You are small and have problems with some larger weapons.
You are completely attuned to the shadows.


Message History

The gnoll hits you from afar with a +0 spear.
* * * LOW HITPOINT WARNING * * *
You take 1 damage, and have 6/20 hp.
Aim: a gnoll, wielding a +0 spear (chance to affect: 50%)
The gnoll looks drowsy...
The leopard gecko barely misses you. x2
You now have 4/6 mp.
The leopard gecko closely misses you.
You hit the gnoll but do no damage. The gnoll barely misses you.
The leopard gecko completely misses you.
You hit the gnoll but do no damage. The gnoll barely misses you.
The leopard gecko bites you but does no damage.
Aim: a leopard gecko (heavily wounded, chance to affect: 59%)
Okay, then.
The leopard gecko bites you.
* * * LOW HITPOINT WARNING * * *
The gnoll closely misses you.
You take 2 damage, and have 5/20 hp.
The leopard gecko misses you.
The gnoll hits you from afar with a +0 spear.
You die...

..#
#.#.........##
..#
..#.#..###..#
..##### ..##
#..)....#
......#
#.>.....#
..#####
###........
....#
##...#.#....
#...#
#..#.#.#....
#...# ##$#...#
#...# #
#@#.### #...#
#.#l......
#...#
#....g..##
#...#
###.......
#...#
#........
#...# #.......
#...# #.....#.
..)## ...#

Skill      XL: |  1  2  3 |
---------------+----------+-----
Ice Magic      | 1 |  1.7
Fighting       | 1 |  1.2
Short Blades   | |  1.3
Dodging        | |  2.4
Stealth        | |  4.0
Spellcasting   | |  2.1
Hexes          | |  3.6

Notes
Turn   | Place    | Note
-------+----------+-------------------------------------------
     0 | D:1      | hehateme the Kobold Enchanter began the quest for the Orb.
     0 | D:1      | Reached XP level 1. HP: 10/10 MP: 3/3
   191 | D:1      | Reached XP level 2. HP: 16/16 MP: 5/5
   323 | D:1      | Reached skill level 1 in Ice Magic
  1091 | D:1      | Reached XP level 3. HP: 20/20 MP: 6/6
  1168 | D:1      | Reached skill level 1 in Fighting
  1400 | D:2      | Learned a level 2 spell: Ensorcelled Hibernation
  1628 | D:2      | HP: 5/20 [leopard gecko (2)]
  1629 | D:2      | Slain by a gnoll

Table legend: (Time is in decaauts)
 A = Elapsed time spent in this place.
 B = Non-inter-level travel time spent in this place.
 C = Inter-level travel time spent in this place.
 D = Time resting spent in this place.
 E = Time spent auto-exploring this place.
 F = Levels seen in this place.
 G = Mean time per level.
                   A        B        C        D        E       F      G
               +--------+--------+--------+--------+--------+-----+--------+
         Total |   1622 |   1606 |     16 |    316 |   1062 |   2 |  811.0 |
       Dungeon |   1622 |   1606 |     16 |    316 |   1062 |   2 |  811.0 |
               +--------+--------+--------+--------+--------+-----+--------+

Top non-repeatable levels by time:
     D:1: 1294 daAuts
     D:2: 327 daAuts

Table legend:
 A = Kills in this place as a percentage of kills in entire the game.
 B = Kills by you in this place as a percentage of kills by you in the entire game.
 C = Kills by friends in this place as a percentage of kills by friends in the entire game.
 D = Other kills in this place as a percentage of other kills in the entire game.
 E = Experience gained in this place as a percentage of experience gained in the entire game.
 F = Experience gained in this place divided by the number of levels of this place that you have seen.
                   A       B       C       D       E      F
               +-------+-------+-------+-------+-------+----------------------
         Total | 100.0 | 100.0 |   N/A |   N/A | 100.0 |  30.5
       Dungeon | 100.0 | 100.0 |   N/A |   N/A | 100.0 |  30.5
               +-------+-------+-------+-------+-------+----------------------

Action                   || total
-------------------------++-------
Melee: Dagger            ||    99
 Cast: Ensorcelled Hiber ||     4
 Stab: Sleeping          ||    12
Armor: Robe              ||    19
Dodge: Dodged            ||    82

Vanquished Creatures
  An adder (D:2)
  3 dart slugs
  A leopard gecko (D:2)
  4 bats
  A giant cockroach (D:2)
  4 goblins
  4 hobgoblins (D:1)
  3 kobolds (D:1)
  2 rats (D:1)
23 creatures vanquished. You could see a gnoll and a leopard gecko.

Levels and vault maps discovered:
D:1:      roderic_dead_forest, layout_loops_ring, grunt_decor_fettered
D:2:      layout_basic, grunt_decor_clamped
